PCL
ALBUQUERQUE ISOTOPES @ CALGARY COWBOYS
07/12/2023
 
TOP OF THE 1ST
Albuquerque Isotopes batting - Pitching for Calgary Cowboys : RHP Jimmy Branch
Pitching: RHP Jimmy Branch
Batting: RHB José Bautista 0-0: Fly out, F8 (Flyball, 8RS)
Batting: LHB Manny Mejía 0-0: Called Strike
0-1: Ball
1-1: Ball
2-1: DOUBLE (Flyball, 78M)
Batting: LHB Eric Wheeler 0-0: Foul Ball, location: 2F
0-1: Ball
1-1: Ball
2-1: Ball
3-1: Foul Ball, location: 2F
3-2: Fly out, F6 (Popup, 6)
Batting: RHB Edward Young 0-0: Ball
1-0: Ball
2-0: Ball
3-0: Called Strike
3-1: Foul Ball, location: 2F
3-2: Strikes out swinging
Top of the 1st over - 0 run(s), 1 hit(s), 0 error(s), 1 left on base; Albuquerque 0 - Calgary 0
BOTTOM OF THE 1ST
Calgary Cowboys batting - Pitching for Albuquerque Isotopes : RHP Teruo Sato
Pitching: RHP Teruo Sato
Batting: RHB Clark Hodge 0-0: Ball
1-0: Called Strike
1-1: Ball
2-1: Ground out 5-3 (Groundball, 5)
Batting: LHB Donald Schultz 0-0: Called Strike
0-1: Ground out 3-1 (Groundball, 34)
Batting: RHB Dan Wyatt 0-0: Ball
1-0: Ball
2-0: Ball
3-0: Called Strike
3-1: Fly out, F6 (Line Drive, 6D)
Bottom of the 1st over - 0 run(s), 0 hit(s), 0 error(s), 0 left on base; Albuquerque 0 - Calgary 0
TOP OF THE 2ND
Albuquerque Isotopes batting - Pitching for Calgary Cowboys : RHP Jimmy Branch
Batting: RHB Juan Alberto 0-0: Called Strike
0-1: Foul Ball, location: 2F
0-2: Foul Ball, location: 2F
0-2: Strikes out swinging
Batting: LHB Simone Perreo 0-0: Ball
1-0: Fly out, F6 (Popup, 56)
Batting: LHB Pedro Vega 0-0: Called Strike
0-1: Fly out, F9 (Flyball, 9LS)
Top of the 2nd over - 0 run(s), 0 hit(s), 0 error(s), 0 left on base; Albuquerque 0 - Calgary 0
BOTTOM OF THE 2ND
Calgary Cowboys batting - Pitching for Albuquerque Isotopes : RHP Teruo Sato
Batting: RHB Cristián Peña 0-0: Ball
1-0: Ball
2-0: Called Strike
2-1: Foul Ball, location: 2F
2-2: Ball
3-2: Fly out, F6 (Line Drive, 6)
Batting: LHB Al Ryan 0-0: Ball
1-0: Fly out, F5 (Popup, 6)
Batting: RHB Ramón Martínez 0-0: Swinging Strike
0-1: Swinging Strike
0-2: Ball
1-2: Ball
2-2: Strikes out swinging, 2-3 out at first.
Bottom of the 2nd over - 0 run(s), 0 hit(s), 0 error(s), 0 left on base; Albuquerque 0 - Calgary 0
TOP OF THE 3RD
Albuquerque Isotopes batting - Pitching for Calgary Cowboys : RHP Jimmy Branch
Batting: LHB Mark Vestal 0-0: Foul Ball, location: 2F
0-1: Foul Ball, location: 2F
0-2: Fly out, F5 (Popup, 5S)
Batting: RHB Adrián García 0-0: Ball
1-0: Ground out 5-3 (Groundball, 56S)
Batting: RHB José Bautista 0-0: Foul Ball, location: 2F
0-1: Swinging Strike
0-2: Ball
1-2: Foul Ball, location: 2F
1-2: Ball
2-2: Ball
3-2: Fly out, F9 (Popup, 9S)
Top of the 3rd over - 0 run(s), 0 hit(s), 0 error(s), 0 left on base; Albuquerque 0 - Calgary 0
BOTTOM OF THE 3RD
Calgary Cowboys batting - Pitching for Albuquerque Isotopes : RHP Teruo Sato
Batting: RHB Jesús Hernández 0-0: Called Strike
0-1: Ball
1-1: Foul Ball, location: 2F
1-2: Strikes out looking
Batting: RHB Iain Liefting 0-0: Called Strike
0-1: Foul Ball, location: 2F
0-2: Foul Ball, location: 2F
0-2: Reached on error, E6 (Groundball, 6M)
Batting: RHB Júlio Soto 0-0: Called Strike
0-1: Ball
1-1: Grounds into double play, 5-4-3 (Groundball, 5L)
Bottom of the 3rd over - 0 run(s), 0 hit(s), 1 error(s), 0 left on base; Albuquerque 0 - Calgary 0
TOP OF THE 4TH
Albuquerque Isotopes batting - Pitching for Calgary Cowboys : RHP Jimmy Branch
Batting: LHB Manny Mejía 0-0: Ball
1-0: DOUBLE (Line Drive, 7D)
Batting: LHB Eric Wheeler 0-0: Foul Ball, location: 2F
0-1: Called Strike
0-2: Ball
1-2: Ball
2-2: Foul Ball, location: 2F
2-2: Ground out 3-1 (Groundball, 34)
Manny Mejía to third
Batting: RHB Edward Young 0-0: Ball
1-0: DOUBLE (Line Drive, 7LS)
Manny Mejía scores
Batting: RHB Juan Alberto 0-0: Called Strike
0-1: DOUBLE (Flyball, 78XD)
Edward Young scores
Batting: LHB Simone Perreo 0-0: Foul Ball, location: 2F
0-1: SINGLE (Groundball, 34D)
Juan Alberto to third
Runner from 3rd tries for Home, SAFE, throw made home
Simone Perreo to second
Batting: LHB Pedro Vega 0-0: Swinging Strike
0-1: Fly out, F8 (Line Drive, 8RXD)
Runner from 2nd tags up, SAFE at 3rd, no throw
Batting: LHB Mark Vestal 0-0: Ball
1-0: Called Strike
1-1: Called Strike
1-2: Ball
2-2: Ball
3-2: Strikes out swinging
Top of the 4th over - 3 run(s), 4 hit(s), 0 error(s), 1 left on base; Albuquerque 3 - Calgary 0
BOTTOM OF THE 4TH
Calgary Cowboys batting - Pitching for Albuquerque Isotopes : RHP Teruo Sato
Batting: RHB Clark Hodge 0-0: Called Strike
0-1: Ball
1-1: Foul Ball, location: 2F
1-2: Ball
2-2: Ball
3-2: Foul Ball, location: 2F
3-2: Strikes out swinging
Batting: LHB Donald Schultz 0-0: Ball
1-0: Ball
2-0: Ball
3-0: Called Strike
3-1: Ground out 4-3 (Groundball, 4)
Batting: RHB Dan Wyatt 0-0: Ball
1-0: Ball
2-0: Foul Ball, location: 2F
2-1: Ball
3-1: Base on Balls
Batting: RHB Cristián Peña 0-0: Foul Ball, location: 2F
0-1: Ball
1-1: Swinging Strike
1-2: Ground out 1-3 (Groundball, 15)
Bottom of the 4th over - 0 run(s), 0 hit(s), 0 error(s), 1 left on base; Albuquerque 3 - Calgary 0
TOP OF THE 5TH
Albuquerque Isotopes batting - Pitching for Calgary Cowboys : RHP Jimmy Branch
Batting: RHB Adrián García 0-0: Swinging Strike
0-1: Ball
1-1: Ball
2-1: Swinging Strike
2-2: Strikes out swinging
Batting: RHB José Bautista 0-0: Ball
1-0: Ball
2-0: Called Strike
2-1: Ground out 4-3 (Groundball, 4)
Batting: LHB Manny Mejía 0-0: Ball
1-0: Called Strike
1-1: Called Strike
1-2: Foul Ball, location: 2F
1-2: Ground out 4-3 (Groundball, 4)
Top of the 5th over - 0 run(s), 0 hit(s), 0 error(s), 0 left on base; Albuquerque 3 - Calgary 0
BOTTOM OF THE 5TH
Calgary Cowboys batting - Pitching for Albuquerque Isotopes : RHP Teruo Sato
Batting: LHB Al Ryan 0-0: Called Strike
0-1: Ball
1-1: Ball
2-1: Ball
3-1: Called Strike
3-2: Fly out, F9 (Flyball, 89XD)
Batting: RHB Ramón Martínez 0-0: Called Strike
0-1: Called Strike
0-2: Ball
1-2: Ball
2-2: DOUBLE (Flyball, 89D)
Batting: RHB Jesús Hernández 0-0: Ball
1-0: Ball
2-0: Called Strike
2-1: Ball
3-1: Fly out, F9 (Flyball, 9LSF)
Pitching: RHP Manny Muñóz
Batting: RHB Iain Liefting 0-0: Foul Ball, location: 2F
0-1: Swinging Strike
0-2: Ground out 5-3 (Groundball, 56S)
Bottom of the 5th over - 0 run(s), 1 hit(s), 0 error(s), 1 left on base; Albuquerque 3 - Calgary 0
TOP OF THE 6TH
Albuquerque Isotopes batting - Pitching for Calgary Cowboys : RHP Jimmy Branch
Batting: LHB Eric Wheeler 0-0: Ball
1-0: Ball
2-0: SINGLE (Flyball, 78S)
Batting: RHB Edward Young 0-0: Called Strike
0-1: Foul Ball, location: 2F
0-2: DOUBLE (Line Drive, 78XD)
Eric Wheeler to third
Batting: RHB Juan Alberto 0-0: Called Strike
0-1: Ball
1-1: SINGLE (Line Drive, 7S)
Eric Wheeler scores
Edward Young to third
Batting: LHB Simone Perreo 0-0: Ball
1-0: Ball
2-0: Foul Ball, location: 2F
2-1: Ball
3-1: Base on Balls
Juan Alberto to second
Batting: LHB Pedro Vega 0-0: Ball
1-0: Grounds into double play, 4-6-3 (Groundball, 4)
Edward Young scores
Juan Alberto to third
Batting: LHB Mark Vestal 0-0: Ball
1-0: DOUBLE (Flyball, 78D)
Juan Alberto scores
Batting: RHB Adrián García 0-0: Ball
1-0: Ground out 5-3 (Groundball, 56S)
Top of the 6th over - 3 run(s), 4 hit(s), 0 error(s), 1 left on base; Albuquerque 6 - Calgary 0
BOTTOM OF THE 6TH
Calgary Cowboys batting - Pitching for Albuquerque Isotopes : RHP Manny Muñóz
Batting: RHB Júlio Soto 0-0: Foul Ball, location: 2F
0-1: Fly out, F7 (Flyball, 7LM)
Batting: RHB Clark Hodge 0-0: Ball
1-0: Ball
2-0: Called Strike
2-1: Ball
3-1: Swinging Strike
3-2: Strikes out swinging
Batting: LHB Donald Schultz 0-0: Called Strike
0-1: Foul Ball, location: 2F
0-2: Ground out 6-3 (Groundball, 6)
Bottom of the 6th over - 0 run(s), 0 hit(s), 0 error(s), 0 left on base; Albuquerque 6 - Calgary 0
TOP OF THE 7TH
Albuquerque Isotopes batting - Pitching for Calgary Cowboys : RHP Jimmy Branch
Batting: RHB José Bautista 0-0: Fly out, F8 (Line Drive, 8RS)
Batting: LHB Manny Mejía 0-0: Ball
1-0: Swinging Strike
1-1: Ball
2-1: Called Strike
2-2: Foul Ball, location: 2F
2-2: Strikes out swinging
Batting: LHB Eric Wheeler 0-0: Called Strike
0-1: Ball
1-1: Called Strike
1-2: Fly out, F8 (Flyball, 8RS)
Top of the 7th over - 0 run(s), 0 hit(s), 0 error(s), 0 left on base; Albuquerque 6 - Calgary 0
BOTTOM OF THE 7TH
Calgary Cowboys batting - Pitching for Albuquerque Isotopes : RHP Manny Muñóz
Batting: RHB Dan Wyatt 0-0: Foul Ball, location: 2F
0-1: Called Strike
0-2: Ball
1-2: Foul Ball, location: 2F
1-2: Ball
2-2: Fly out, F8 (Flyball, 8LM)
Batting: RHB Cristián Peña 0-0: Called Strike
0-1: Fly out, F9 (Line Drive, 89M)
Batting: LHB Al Ryan 0-0: SINGLE (Line Drive, 4MD)
Batting: RHB Ramón Martínez 0-0: Called Strike
0-1: Foul Ball, location: 2F
0-2: Ball
1-2: Ball
2-2: Strikes out swinging
Bottom of the 7th over - 0 run(s), 1 hit(s), 0 error(s), 1 left on base; Albuquerque 6 - Calgary 0
TOP OF THE 8TH
Albuquerque Isotopes batting - Pitching for Calgary Cowboys : RHP Jimmy Branch
Pitching: RHP Aluizio Subgua
Batting: RHB Edward Young 0-0: Ball
1-0: Ground out 6-3 (Groundball, 6M)
Batting: RHB Juan Alberto 0-0: Ball
1-0: Foul Ball, location: 2F
1-1: Ball
2-1: DOUBLE (Line Drive, 7LS)
Pinch Runner at 2nd José Sosa:
Batting: LHB Simone Perreo 0-0: Foul Ball, location: 2F
0-1: SINGLE (Flyball, 7LM)
José Sosa to third
Batting: LHB Pedro Vega 0-0: Ball
1-0: Ball
2-0: Ball
3-0: Called Strike
3-1: Base on Balls
Simone Perreo to second
Batting: LHB Mark Vestal 0-0: Ball
1-0: Ball
2-0: Ball
3-0: Called Strike
3-1: Base on Balls
José Sosa scores
Simone Perreo to third
Pedro Vega to second
Batting: RHB Adrián García 0-0: Ball
1-0: Ball
2-0: Grounds into double play, 6-4-3 (Groundball, 6)
Top of the 8th over - 1 run(s), 2 hit(s), 0 error(s), 2 left on base; Albuquerque 7 - Calgary 0
BOTTOM OF THE 8TH
Calgary Cowboys batting - Pitching for Albuquerque Isotopes : RHP Manny Muñóz
Pitching: RHP Arthur Smith
Now at 3B: José Sosa
Batting: RHB Jesús Hernández 0-0: Ball
1-0: Ball
2-0: Called Strike
2-1: Called Strike
2-2: Ground out 6-3 (Groundball, 6M)
Batting: RHB Iain Liefting 0-0: Ball
1-0: Ball
2-0: Called Strike
2-1: Foul Ball, location: 2F
2-2: Foul Ball, location: 2F
2-2: Strikes out looking
Batting: RHB Júlio Soto 0-0: Ball
1-0: Ball
2-0: Foul Ball, location: 2F
2-1: Foul Ball, location: 2F
2-2: Strikes out swinging
Bottom of the 8th over - 0 run(s), 0 hit(s), 0 error(s), 0 left on base; Albuquerque 7 - Calgary 0
TOP OF THE 9TH
Albuquerque Isotopes batting - Pitching for Calgary Cowboys : RHP Aluizio Subgua
Batting: RHB José Bautista 0-0: Swinging Strike
0-1: Ball
1-1: Swinging Strike
1-2: Foul Ball, location: 2F
1-2: Ball
2-2: Strikes out swinging
Batting: LHB Manny Mejía 0-0: Ball
1-0: Called Strike
1-1: Ground out 4-3 (Groundball, 4)
Batting: LHB Eric Wheeler 0-0: Called Strike
0-1: Foul Ball, location: 2F
0-2: Ball
1-2: SINGLE (Flyball, 7S)
Batting: RHB Edward Young 0-0: Called Strike
0-1: Ball
1-1: Ball
2-1: Foul Ball, location: 2F
2-2: Fielders Choice at 2nd, 6-4 (Groundball, 6)
Top of the 9th over - 0 run(s), 1 hit(s), 0 error(s), 0 left on base; Albuquerque 7 - Calgary 0
BOTTOM OF THE 9TH
Calgary Cowboys batting - Pitching for Albuquerque Isotopes : RHP Arthur Smith
Batting: RHB Clark Hodge 0-0: DOUBLE (Line Drive, 5L)
Batting: LHB Donald Schultz 0-0: Ball
1-0: Foul Ball, location: 2F
1-1: Ball
2-1: Ground out 4-3 (Groundball, 4M)
Clark Hodge to third
Batting: RHB Dan Wyatt 0-0: Called Strike
0-1: Foul Ball, location: 2F
0-2: Foul Ball, location: 2F
0-2: Ball
1-2: Ball
2-2: SINGLE (Line Drive, 78M)
Clark Hodge scores
Batting: RHB Cristián Peña 0-0: Ball
1-0: Called Strike
1-1: Swinging Strike
1-2: Fly out, F8 (Flyball, 8LXD)
Batting: LHB Al Ryan 0-0: Called Strike
0-1: Ball
1-1: Called Strike
1-2: Strikes out swinging
Bottom of the 9th over - 1 run(s), 2 hit(s), 0 error(s), 1 left on base; Albuquerque 7 - Calgary 1
This league is powered by Out of the Park Baseball, the baseball management simulation game for PC, Mac and Linux
Wednesday, December 2nd, 2015 - OOTP Baseball 16.8 Build 38